 Dungeon Crawl Stone Soup version 0.30-a0-924-g0ad0bf95bc (webtiles) character file.

Game seed: 9531944384672323454

323 cforsyth the Trooper (level 6, -1/49 HPs)
             Began as a Human Fighter on Mar 22, 2023.
             Slain by a gnoll sergeant
             ... wielding a +1 trident of venom
              (2 damage)
             ... on level 5 of the Dungeon.
             The game lasted 00:04:57 (3431 turns).

cforsyth the Trooper (Human Fighter)                Turns: 3431, Time: 00:04:57

Health: -1/49      AC: 12    Str: 18    XL:     6   Next: 77%
Magic:  6/6        EV:  6    Int:  8    God:
Gold:   226        SH:  5    Dex: 13    Spells: 5/5 levels left

rFire   . . .      SeeInvis .    C - +1 flail (protect)
rCold   . . .      Faith    .    c - +0 buckler
rNeg    . . .      Spirit   .    z - +0 chain mail
rPois   .          Reflect  .    (no helmet)
rElec   .          Rampage  .    n - +0 cloak
rCorr   .                        (no gloves)
Will    .....                    x - +1 pair of boots Stlth
                                 (no amulet)
HPRegen 0.28/turn                (no ring)
MPRegen 0.10/turn                (no ring)

@: brilliant, lethally poisoned (-1 -> -2)
A: no striking features
a: no special abilities


You were on level 5 of the Dungeon.
You visited 1 branch of the dungeon, and saw 5 of its levels.

You collected 226 gold pieces.

Inventory:

Hand Weapons
 a - a +0 flail
 p - the +3 dagger of the Six Leylines {venom, rC+ Will+ Int-4 Dex+8}
   (You found it on level 2 of the Dungeon)

   Int:       It affects your intelligence (-4).
   Dex:       It affects your dexterity (+8).
   rC:        It protects you from cold.
   Will:      It increases your willpower.
 C - a +1 flail of protection (weapon)
Armour
 b - a +0 scale mail
 c - a +0 buckler (worn)
 k - a +0 cloak
 n - a +0 cloak (worn)
 x - a +1 pair of boots (worn)
 z - a +0 chain mail (worn)
Jewellery
 g - a ring of ice
 o - an amulet of the acrobat
Scrolls
 e - 2 scrolls of immolation {unknown}
 h - a scroll of summoning {unknown}
 i - a scroll of torment {unknown}
 l - 4 scrolls of teleportation {unknown}
 r - a scroll of enchant weapon {unknown}
 t - 5 scrolls of identify {unknown}
 u - 3 scrolls of silence {unknown}
 w - 2 scrolls of noise {unknown}
 y - a scroll of fog {unknown}
 A - a scroll of magic mapping {unknown}
 D - a scroll of blinking {unknown}
Potions
 d - 2 potions of might
 f - 2 potions of magic {unknown}
 j - a potion of heal wounds
 m - 3 potions of brilliance
 q - 3 potions of curing {unknown}
 s - a potion of attraction {unknown}
 v - a potion of lignification {unknown}
 B - a potion of degeneration {unknown}


   Skills:
 + Level 4.3 Fighting
 + Level 3.6 Maces & Flails
 + Level 4.3 Armour
 + Level 4.3 Shields


You had 5 spell levels left.
You didn't know any spells.
Your spell library contained the following spells:

 Spells                   Type           Power      Damage    Failure   Level
 Shock                    Conj/Air       0%         1d3       100%        1
 Slow                     Hex            0%         N/A       100%        1
 Blink                    Tloc           0%         N/A       100%        2
 Ensorcelled Hibernation  Hex/Ice        0%         N/A       100%        2
 Confusing Touch          Hex            0%         N/A       100%        3
 Frozen Ramparts          Ice            0%         1d1       100%        3
 Spider Form              Tmut/Pois      0%         N/A       100%        3
 Swiftness                Air            0%         N/A       100%        3
 Vampiric Draining        Necr           0%         2d6       100%        3
 Airstrike                Air            0%         2d(0-16)  100%        4
 Anguish                  Hex/Necr       0%         N/A       100%        4
 Ice Form                 Ice/Tmut       0%         N/A       100%        4
 Manifold Assault         Tloc           0%         N/A       100%        4
 Summon Ice Beast         Ice/Summ       0%         N/A       100%        4
 Storm Form               Tmut/Air       0%         N/A       100%        7


Dungeon Overview and Level Annotations

Branches:
Dungeon (5/15)
 Temple: D:4-7

Altars:
Dithmenos
Fedhas
Kikubaaqudgha
Makhleb
Nemelex Xobeh
Ru
Trog
Zin

Shops:
D:3 !


Message History

You are too injured to fight recklessly!
You feel very sick.
The gnoll sergeant hits you but does no damage.
You are more poisoned.
* * * LOW HITPOINT WARNING * * *
You feel very sick.
* * * LOW HITPOINT WARNING * * *
You feel very sick.
* * * LOW HITPOINT WARNING * * *
You feel very sick.
* * * LOW HITPOINT WARNING * * *
You feel very sick.
You see here 12 gold pieces.
You feel much better.
You feel very sick.
The gnoll sergeant hits you from afar with a +1 trident of venom!
You are lethally poisoned!
* * * LOW HITPOINT WARNING * * *
You feel very sick.
* * * LOW HITPOINT WARNING * * *
You feel very sick.
Okay, then.
* * * LOW HITPOINT WARNING * * *
You feel very sick.
* * * LOW HITPOINT WARNING * * *
You feel sick.
* * * LOW HITPOINT WARNING * * *
You feel sick.
* * * LOW HITPOINT WARNING * * *
You feel sick.
* * * LOW HITPOINT WARNING * * *
You feel sick.
* * * LOW HITPOINT WARNING * * *
You feel sick.
It was a potion of brilliance.
You feel clever all of a sudden.
* * * LOW HITPOINT WARNING * * *
You feel sick.
The gnoll sergeant hits you from afar with a +1 trident of venom.
You die...

#.#.#...........# #######
#...#.>.........#
#.####..........### # #.#
#.<......)...# .# #.#
#..........#.#######.#
#...).####.#..##.....#
####### #.##......# #
#########.........#
..#####.$.g.ggg.@.......#
...)....##########......#
#####g###### ###.<....#
...........# #...######
.####.####.# ###.###
#......[#.###...#
#.##.##.#.##..###
.#.#...#.#.##.##
....._........#


You could see a gnoll sergeant and 3 gnolls.

Vanquished Creatures
  2 scorpions (D:5)
  An iguana (D:5)
  2 orc wizards (D:5)
  A gnoll (D:5)
  3 adders
  2 worms
  3 dart slugs
  4 orcs (D:5)
  3 bats
  12 endoplasms
  3 giant cockroaches
  5 goblins
  9 hobgoblins
  4 jackals (D:1)
  7 kobolds
  2 quokkas
  7 ball pythons
  5 frilled lizards
  6 rats
81 creatures vanquished.

Notes
Turn   | Place    | Note
-------+----------+-------------------------------------------
     0 | D:1      | cforsyth the Human Fighter began the quest for the Orb.
     0 | D:1      | Reached XP level 1. HP: 18/18 MP: 1/1
    63 | D:1      | Reached XP level 2. HP: 19/24 MP: 2/2
   253 | D:1      | Reached XP level 3. HP: 24/29 MP: 3/3
  1151 | D:2      | Reached XP level 4. HP: 29/35 MP: 4/4
  1182 | D:2      | Identified the +3 dagger of the Six Leylines {venom, rC+
                  | Will+ Int-4 Dex+8}
  1758 | D:3      | Found an ancient bone altar of Kikubaaqudgha.
  1974 | D:3      | Found a bloodstained altar of Trog.
  2146 | D:3      | Found Eshelemm's Distillery.
  2374 | D:4      | Found a burning altar of Makhleb.
  2382 | D:4      | Found a glowing silver altar of Zin.
  2382 | D:4      | Noticed a blizzard demon
  2382 | D:4      | Noticed an angel
  2512 | D:4      | Found a shadowy altar of Dithmenos.
  2584 | D:4      | Reached XP level 5. HP: 40/42 MP: 5/5
  2663 | D:4      | Found a sparkling altar of Nemelex Xobeh.
  2709 | D:4      | Found a blossoming altar of Fedhas.
  2896 | D:5      | Entered Level 5 of the Dungeon
  3036 | D:5      | Reached XP level 6. HP: 17/48 MP: 6/6
  3389 | D:5      | Found a sacrificial altar of Ru.
  3421 | D:5      | HP: 1/49 [poisoned by a gnoll sergeant]
  3430 | D:5      | HP: 2/49 [poisoned by a gnoll sergeant]
  3431 | D:5      | Slain by a gnoll sergeant

Illustrated notes

Levels and vault maps discovered:
D:1:      roderic_crossed_star, layout_basic,
          nicolae_concentric_dashed_squares_wild, minmay_misc_feat_five,
          nicolae_wormholes
D:2:      layout_loops_ring, grunt_ministairs_4
D:3:      layout_loops_cross, nicolae_overflow_crystal_walls,
          mainiacjoe_overflow_tiny_flanked, serial_shops, nicolae_shop_crystal
D:4:      layout_rooms, grunt_temple_overflow_order_and_chaos_2,
          mainiacjoe_overflow_alcove_4, mainiacjoe_overflow_cross_hatched,
          kennysheep_little_box
D:5:      layout_rooms, nicolae_ru_sacrificial_ziggurat, nrook_mini_vaults

Skill      XL: |  1  2  3  4  5 |
---------------+----------------+-----
Maces & Flails | 3 |  3.6
Fighting       | 4 |  4.3
Armour         | 4 |  4.3
Shields        | 4 |  4.3

Action                     |  1- 3 |  4- 6 || total
---------------------------+-------+-------++-------
  Melee: Flail             |    94 |    60 ||   154
         Dagger            |       |   110 ||   110
    Use: Potion            |       |     3 ||     3
 Armour: Scale mail        |    54 |    31 ||    85
         Chain mail        |       |    67 ||    67
  Dodge: Dodged            |    59 |    54 ||   113
  Block: Buckler           |    20 |    33 ||    53

Table legend: (Time is in decaauts)
 A = Elapsed time spent in this place.
 B = Non-inter-level travel time spent in this place.
 C = Inter-level travel time spent in this place.
 D = Time resting spent in this place.
 E = Time spent auto-exploring this place.
 F = Levels seen in this place.
 G = Mean time per level.
                   A        B        C        D        E       F      G
               +--------+--------+--------+--------+--------+-----+--------+
         Total |   3481 |   3240 |    241 |      0 |   2589 |   5 |  696.2 |
       Dungeon |   3481 |   3240 |    241 |      0 |   2589 |   5 |  696.2 |
               +--------+--------+--------+--------+--------+-----+--------+

Top non-repeatable levels by time:
     D:1: 931 daAuts
     D:2: 769 daAuts
     D:3: 730 daAuts
     D:5: 551 daAuts
     D:4: 498 daAuts
